 Dungeon Crawl Stone Soup version 0.28-a0-1382-g92835e5c71 (webtiles) character file.

Game seed: 17526794158297060628

995 sanka the Ruffian (level 8, -3/67 HPs)
             Began as a Gnoll Cinder Acolyte on Jan 1, 2022.
             Was an Elder of Ignis.
             Slain by Grinder (5 damage)
             ... on level 5 of the Dungeon.
             The game lasted 00:08:33 (6675 turns).

sanka the Ruffian (Gnoll Cinder Acolyte)            Turns: 6675, Time: 00:08:34

Health: -3/67      AC:  2    Str: 13    XL:     8   Next: 19%
Magic:  3/14       EV: 12    Int: 16    God:    Ignis [****..]
Gold:   253        SH:  4    Dex:  8    Spells: 13/15 levels left

rFire   + + .      SeeInvis .     - Unarmed
rCold   . . .      Faith    .   f - +0 buckler
rNeg    . . .      Spirit   .   a - +0 robe
rPois   .          Reflect  .   (no helmet)
rElec   .          Harm     .   (no cloak)
rCorr   .          Rampage  .   (no gloves)
Will    .....                   (no boots)
Stlth   ++........              (no amulet)
HPRegen 0.21/turn               (no ring)
MPRegen 0.14/turn               m - ring of protection from fire

@: very slightly contaminated
A: fangs 1, strong nose, distributed training
a: Renounce Religion, Fiery Armour, Foxfire Swarm, Rising Flame


You were on level 5 of the Dungeon.
You worshipped Ignis.
Ignis was greatly pleased with you.
You visited 1 branch of the dungeon, and saw 5 of its levels.

You collected 253 gold pieces.


Innate Abilities, Weirdness & Mutations

You have very sharp teeth.
Your uncanny sense of smell can sniff out nearby items.
Your experience applies equally to all skills.


   Skills:
 + Level 7.2 Fighting
 + Level 3.0 Short Blades
 + Level 3.0 Long Blades
 + Level 3.0 Axes
 + Level 3.0 Maces & Flails
 + Level 3.0 Polearms
 + Level 3.0 Staves
 + Level 3.0 Slings
 + Level 3.0 Bows
 + Level 3.0 Crossbows
 + Level 3.0 Throwing
 + Level 3.0 Armour
 + Level 3.0 Dodging
 + Level 3.0 Stealth
 + Level 3.0 Shields
 + Level 7.2 Unarmed Combat
 + Level 4.2 Spellcasting
 + Level 2.4 Conjurations
 + Level 2.4 Hexes
 + Level 2.4 Summonings
 + Level 2.4 Necromancy
 + Level 2.4 Translocations
 + Level 2.4 Transmutations
 + Level 6.0 Fire Magic
 + Level 2.4 Ice Magic
 + Level 2.4 Air Magic
 + Level 2.4 Earth Magic
 + Level 2.4 Poison Magic
 + Level 3.3 Invocations
 + Level 3.0 Evocations


You had 13 spell levels left.
You knew the following spells:

 Your Spells              Type           Power      Damage    Failure   Level
y - Scorch                Fire           44%        2d7       2%          2

Your spell library contained the following spells:

 Spells                   Type           Power      Damage    Failure   Level
 Ignite Poison            Fire/Tmut/Pois 15%        N/A       12%         3
 Gell's Gravitas          Tloc           11%        N/A       21%         3
 Lesser Beckoning         Tloc           11%        N/A       21%         3
 Mephitic Cloud           Conj/Pois/Air  11%        N/A       21%         3
 Teleport Other           Tloc           11%        N/A       21%         3
 Freezing Cloud           Conj/Ice/Air   5%         6-21      88%         5
 Dispersal                Tloc           5%         N/A       100%        6

Inventory:

Hand Weapons
 o - a +3 spear of flaming
Missiles
 q - a throwing net {=f}
Armour
 a - a +0 robe (worn)
 f - a +0 buckler (worn)
 l - a +0 kite shield
 s - a +1 ring mail of cold resistance
Jewellery
 m - a ring of protection from fire (right hand)
Scrolls
 b - 2 scrolls of magic mapping {unknown}
 c - 2 scrolls of teleportation {unknown}
 g - a scroll of blinking {unknown}
 h - a scroll of vulnerability {unknown}
 i - 2 scrolls of identify {unknown}
 k - a scroll of enchant armour {unknown}
 p - a scroll of fear {unknown}
 r - a scroll of immolation {unknown}
Potions
 d - 2 potions of heal wounds {@q2}
 e - 2 potions of curing {unknown}
 j - a potion of flight {unknown}
 n - a potion of brilliance {unknown}

Dungeon Overview and Level Annotations

Branches:
Dungeon (5/15)
 Temple: D:4-7

Altars:
Hepliaklqana

Shops:
D:2 :

Annotations:
D:5 Grinder ▒..... ▒..... ▒▒▒▒▒▒▒..... ▒........... ▒........... ▒▒▒▒▒▒ ▒........... .▒ .. .▒ ▒▒vvvv▒ ▒.......▒▒▒. ....▒.▒ ▒.vvvv▒

▒▒........... ▒.▒.▒.▒
▒.vggv▒▒▒...▒▒▒'▒▒▒▒.
....▒.▒▒▒.vg5vv.....▒▒▒.▒...▒
.........gvv▒v▒....'........
▒.▒........▒.▒▒...▒▒▒.▒▒...
.▒.▒▒▒▒)....▒▒▒.▒.▒▒...▒
▒......
................▒.▒▒▒▒▒▒
▒...... ▒'▒▒▒▒▒....g.▒▒▒▒.▒▒
▒...... ▒........▒...▒
▒▒..... ▒▒▒▒'▒...▒.▒.▒ ▒...▒.


You could see Grinder (ally target) and 3 gnolls.


Message History

The gnoll throws a stone.
The stone barely misses you.
The gnoll hits you from afar with a +0 halberd.
* * * LOW HITPOINT WARNING * * *
Flames lash the gnoll.
The gnoll is heavily wounded.
The gnoll's fire resistance burns away.
Grinder drinks a potion.
Grinder is healed!
The gnoll barely misses you.
Unknown command.
Flames lash the gnoll.
The gnoll is burned terribly!
The gnoll is severely wounded.
Grinder hits you.
* * * LOW HITPOINT WARNING * * *
You writhe in agony.
* * * LOW HITPOINT WARNING * * *
The gnoll hits you from afar with a +0 halberd.
* * * LOW HITPOINT WARNING * * *
The gnoll hits you with a +0 flail!
* * * LOW HITPOINT WARNING * * *
Unknown command.
Use which ability? (? or * to list) Activating: Foxfire Swarm Flames leap up around you!
Grinder hits you!
* * * LOW HITPOINT WARNING * * *
You writhe in agony.
You die...

Action                   |  1- 3 |  4- 6 |  7- 9 || total
-------------------------+-------+-------+-------++-------
Melee: Unarmed           |   132 |   196 |    54 ||   382
       Bite              |     8 |    11 |     3 ||    22
       Punch             |     2 |       |       ||     2
 Cast: Scorch            |       |    11 |    36 ||    47
Invok: Foxfire Swarm     |       |       |     3 ||     3
 Stab: Sleeping          |     2 |     2 |       ||     4
Armor: Robe              |    21 |    31 |    12 ||    64
Dodge: Dodged            |    62 |    86 |    40 ||   188
Block: Buckler           |     6 |    17 |     9 ||    32

Levels and vault maps discovered:
D:1:      nzn_arrival_water_spiral, layout_loops_ring, minmay_tripent
D:2:      layout_loops_ring, serial_shops, shop, ebering_ecumenical_altar_webs,
          minmay_misc_feat_tiny, kennysheep_crisscross, nrook_uturn
D:3:      layout_basic, nicolae_overflow_ecumenical_swirl, minmay_pentangle
D:4:      layout_gridville, uniq_duvessa, uniq_eustachio
D:5:      minmay_general_purpose_star, layout_basic, uniq_grinder

Notes
Turn   | Place    | Note
-------+----------+-------------------------------------------
     0 | D:1      | sanka the Gnoll Cinder Acolyte began the quest for the Orb.
     0 | D:1      | Reached XP level 1. HP: 23/23 MP: 4/4
   128 | D:1      | Reached XP level 2. HP: 27/29 MP: 5/5
   733 | D:1      | Reached XP level 3. HP: 35/35 MP: 7/7
  1262 | D:2      | Reached skill level 1 in Invocations
  1375 | D:2      | Found Jaodghit's Book Emporium.
  1425 | D:2      | Reached skill level 1 in Short Blades
  1425 | D:2      | Reached skill level 1 in Long Blades
  1425 | D:2      | Reached skill level 1 in Axes
  1425 | D:2      | Reached skill level 1 in Maces & Flails
  1425 | D:2      | Reached skill level 1 in Polearms
  1425 | D:2      | Reached skill level 1 in Staves
  1425 | D:2      | Reached skill level 1 in Slings
  1425 | D:2      | Reached skill level 1 in Bows
  1425 | D:2      | Reached skill level 1 in Crossbows
  1425 | D:2      | Reached skill level 1 in Throwing
  1425 | D:2      | Reached skill level 1 in Armour
  1425 | D:2      | Reached skill level 1 in Dodging
  1425 | D:2      | Reached skill level 1 in Stealth
  1425 | D:2      | Reached skill level 1 in Shields
  1425 | D:2      | Reached skill level 1 in Evocations
  1582 | D:2      | Found a faded altar of an unknown god.
  1722 | D:2      | Reached XP level 4. HP: 40/41 MP: 8/8
  2199 | D:3      | Reached skill level 3 in Spellcasting
  2741 | D:3      | Learned a level 2 spell: Scorch
  2840 | D:3      | Reached skill level 1 in Conjurations
  2840 | D:3      | Reached skill level 1 in Hexes
  2840 | D:3      | Reached skill level 1 in Summonings
  2840 | D:3      | Reached skill level 1 in Necromancy
  2840 | D:3      | Reached skill level 1 in Translocations
  2840 | D:3      | Reached skill level 1 in Transmutations
  2840 | D:3      | Reached skill level 1 in Ice Magic
  2840 | D:3      | Reached skill level 1 in Air Magic
  2840 | D:3      | Reached skill level 1 in Earth Magic
  2840 | D:3      | Reached skill level 1 in Poison Magic
  3122 | D:3      | Reached XP level 5. HP: 46/47 MP: 9/9
  3810 | D:3      | Found a faded altar of an unknown god.
  3815 | D:3      | Found a hazy altar of Hepliaklqana.
  4099 | D:4      | Noticed a necrophage
  4103 | D:4      | Killed a necrophage
  4104 | D:4      | Reached skill level 2 in Invocations
  4104 | D:4      | Reached XP level 6. HP: 53/53 MP: 3/11
  4313 | D:4      | Noticed Duvessa
  4313 | D:4      | Noticed Dowan
  4336 | D:4      | Killed Duvessa
  4337 | D:4      | Reached skill level 2 in Short Blades
  4337 | D:4      | Reached skill level 2 in Long Blades
  4337 | D:4      | Reached skill level 2 in Axes
  4337 | D:4      | Reached skill level 2 in Maces & Flails
  4337 | D:4      | Reached skill level 2 in Polearms
  4337 | D:4      | Reached skill level 2 in Staves
  4337 | D:4      | Reached skill level 2 in Slings
  4337 | D:4      | Reached skill level 2 in Bows
  4337 | D:4      | Reached skill level 2 in Crossbows
  4337 | D:4      | Reached skill level 2 in Throwing
  4337 | D:4      | Reached skill level 2 in Armour
  4337 | D:4      | Reached skill level 2 in Dodging
  4337 | D:4      | Reached skill level 2 in Stealth
  4337 | D:4      | Reached skill level 2 in Shields
  4337 | D:4      | Reached skill level 2 in Evocations
  4509 | D:4      | Killed Dowan
  4781 | D:4      | Reached XP level 7. HP: 32/59 MP: 12/12
  4957 | D:4      | Reached skill level 7 in Fighting
  4957 | D:4      | Reached skill level 7 in Unarmed Combat
  4958 | D:4      | Reached skill level 2 in Conjurations
  4958 | D:4      | Reached skill level 2 in Hexes
  4958 | D:4      | Reached skill level 2 in Summonings
  4958 | D:4      | Reached skill level 2 in Necromancy
  4958 | D:4      | Reached skill level 2 in Translocations
  4958 | D:4      | Reached skill level 2 in Transmutations
  4958 | D:4      | Reached skill level 2 in Ice Magic
  4958 | D:4      | Reached skill level 2 in Air Magic
  4958 | D:4      | Reached skill level 2 in Earth Magic
  4958 | D:4      | Reached skill level 2 in Poison Magic
  5848 | D:5      | Entered Level 5 of the Dungeon
  6056 | D:5      | Reached skill level 3 in Invocations
  6071 | D:5      | Reached skill level 4 in Spellcasting
  6299 | D:5      | Reached skill level 6 in Fire Magic
  6299 | D:5      | Reached XP level 8. HP: 53/67 MP: 14/14
  6560 | D:5      | Reached skill level 3 in Short Blades
  6560 | D:5      | Reached skill level 3 in Long Blades
  6560 | D:5      | Reached skill level 3 in Axes
  6560 | D:5      | Reached skill level 3 in Maces & Flails
  6560 | D:5      | Reached skill level 3 in Polearms
  6560 | D:5      | Reached skill level 3 in Staves
  6560 | D:5      | Reached skill level 3 in Slings
  6560 | D:5      | Reached skill level 3 in Bows
  6560 | D:5      | Reached skill level 3 in Crossbows
  6560 | D:5      | Reached skill level 3 in Throwing
  6560 | D:5      | Reached skill level 3 in Armour
  6560 | D:5      | Reached skill level 3 in Dodging
  6560 | D:5      | Reached skill level 3 in Stealth
  6560 | D:5      | Reached skill level 3 in Shields
  6560 | D:5      | Reached skill level 3 in Evocations
  6658 | D:5      | Noticed Grinder
  6662 | D:5      | Paralysed by Grinder for 2 turns
  6675 | D:5      | HP: 2/67 [Grinder (8)]
  6675 | D:5      | Slain by Grinder

Vanquished Creatures
  Duvessa (D:4)
  An ice beast (D:5)
  A necrophage (D:4)
  A water moccasin skeleton (D:5)
  Dowan (D:4)
  A jelly (D:5)
  A centaur skeleton (D:5)
  An orc priest (D:4)
  A gnoll shaman (D:5)
  3 hounds
  A bullfrog skeleton (D:5)
  4 orc wizards
  A scorpion zombie (D:5)
  6 gnolls
  A howler monkey skeleton (D:5)
  8 adders
  An adder skeleton (D:4)
  3 worms (D:3)
  2 dart slugs
  7 orcs
  5 ball pythons
  6 bats
  14 endoplasms
  8 giant cockroaches
  7 goblins
  6 hobgoblins
  6 jackals
  2 quokkas
  2 frilled lizards
  4 kobolds
  2 quokka skeletons (D:4)
  3 rats
111 creatures vanquished.

Vanquished Creatures (others)
  25 foxfires
25 creatures vanquished.

Grand Total: 136 creatures vanquished
